 Dungeon Crawl Stone Soup version 0.27.1-34-g3ba077fa99 (webtiles) character file.

Game seed: 14265919295287136695

42 cyrus the Covered (level 3, 0/33 HPs)
             Began as a Minotaur Fighter on Jan 16, 2022.
             Slain by Sigmund (5 damage)
             ... on level 4 of the Dungeon.
             The game lasted 00:08:15 (1279 turns).

cyrus the Covered (Minotaur Fighter)                Turns: 1279, Time: 00:08:16

Health: 0/33       AC:  7    Str: 21    XL:     3   Next: 35%
Magic:  2/2        EV:  7    Int:  5    God:
Gold:   8          SH:  9    Dex:  9    Spells: 2/2 levels left

rFire    . . .     SeeInvis .   a - +0 war axe
rCold    . . .     Faith    .   c - +0 kite shield
rNeg     . . .     Spirit   .   b - +0 scale mail
rPois    .         Reflect  .   (helmet restricted)
rElec    .         Harm     .   (no cloak)
rCorr    .         Rampage  .   (no gloves)
Will     .....                  (no boots)
Stlth    ..........             (no amulet)
HPRegen  0.11/turn              (no ring)
MPRegen  0.08/turn              (no ring)

@: no status effects
A: horns 2, retaliatory headbutt
a: no special abilities


You were on level 4 of the Dungeon.
You visited 1 branch of the dungeon, and saw 4 of its levels.

You collected 8 gold pieces.

Inventory:

Hand Weapons
 a - a +0 war axe (weapon)
Missiles
 h - 26 bolts
Armour
 b - a +0 scale mail (worn)
 c - a +0 kite shield (worn)
Scrolls
 e - 2 scrolls of blinking
 g - a scroll of fog {unknown}
Potions
 d - a potion of might
 f - a potion of attraction {unknown}


   Skills:
 + Level 4.0 Fighting
 + Level 3.0 Axes
 + Level 4.4 Armour
 + Level 0.1 Dodging
 + Level 4.0 Shields


You had 2 spell levels left.
You didn't know any spells.
Your spell library was empty.

Dungeon Overview and Level Annotations

Branches:
Dungeon (4/15)
 Temple: D:4-7

Altars:

Annotations:
D:4 Sigmund


Innate Abilities, Weirdness & Mutations

You have a pair of horns on your head.
You reflexively headbutt those who attack you in melee.


Message History

You closely miss Sigmund. You headbutt Sigmund, but do no damage.
Sigmund is almost dead.
Sigmund points at you and mumbles some strange words.
The magic dart hits you.
You barely miss Sigmund. You headbutt Sigmund, but do no damage.
Sigmund is almost dead.
You block Sigmund's attack.
You hit Sigmund.
Sigmund is almost dead.
Sigmund casts a spell at you.
You are confused.
You bump into the rock wall.
Sigmund hits you but does no damage.
You miss Sigmund.
Sigmund is almost dead.
Sigmund hits you but does no damage. Sigmund casts a spell at you.
You are more confused.
Sigmund hits you with a +0 scythe!
You miss Sigmund. Your headbutt misses Sigmund.
Sigmund is almost dead.
Sigmund hits you with a +0 scythe!
Found a pair of embroidered boots.
Sigmund hits you with a +0 scythe. Sigmund gestures at you while chanting.
You are more confused.
Sigmund hits you from afar with a +0 scythe.
* * * LOW HITPOINT WARNING * * *
You bump into the rock wall.
You bump into the rock wall.
Sigmund hits you but does no damage.
You bump into the rock wall.
Sigmund hits you from afar with a +0 scythe.
* * * LOW HITPOINT WARNING * * *
You bump into the rock wall.
Sigmund mumbles some strange words.
Sigmund flickers and vanishes!
Deactivating autopickup; reactivate with Ctrl-A.
Found a club.
You feel less confused. Something hits you.
You die...

#.....####'##...#
#.....#.........#
#.<...#........>#
.......#.........##
.#.#...#..........#
. #..........# #.#
##...##....#
..).###...##...##
.#.#...@.......##..
.........{.........#
#.#.#.#...##.......#
.....##+###.......#
.#.#. ........# ..
.. ...[##+## # #.
.....# .. .....+
...#


There were no monsters in sight!

Vanquished Creatures
  2 adders (D:2)
  An orc (D:4)
  An endoplasm (D:2)
  5 hobgoblins
  4 jackals (D:2)
  3 quokkas
  A ball python (D:3)
  A frilled lizard (D:2)
  3 goblins (D:2)
21 creatures vanquished.

Notes
Turn   | Place    | Note
-------+----------+-------------------------------------------
     0 | D:1      | cyrus the Minotaur Fighter began the quest for the Orb.
     0 | D:1      | Reached XP level 1. HP: 19/19 MP: 0/0
    88 | D:1      | You fall into a shaft and drop 1 floor!
   103 | D:2      | Reached XP level 2. HP: 15/27 MP: 1/1
   185 | D:2      | Reached XP level 3. HP: 10/33 MP: 2/2
  1251 | D:4      | Noticed Sigmund
  1279 | D:4      | Slain by Sigmund

Illustrated notes

Levels and vault maps discovered:
D:1:      minmay_arrival_checkered_box, layout_loops_ring
D:2:      layout_basic, uniq_robin
D:3:      layout_rooms, mainiacjoe_overflow_concentric_impassable
D:4:      layout_gridville, minmay_temple_entry_junction, hex_large, uniq_pikel,
          uniq_sigmund

Skill      XL: |  1  2  3 |
---------------+----------+-----
Armour         | 4 |  4.4
Fighting       | 4 |  4.0
Axes           | 3 |  3.0
Shields        | 4 |  4.0
Dodging        | |  0.1

Action                   || total
-------------------------++-------
Melee: War axe           ||    44
       Headbutt          ||     8
  Use: Scroll            ||     2
Armor: Scale mail        ||    35
Dodge: Dodged            ||    17
Block: Kite shield       ||    23
